 Dungeon Crawl Stone Soup version 0.24-a0-537-g2d01d4ab0a (webtiles) character file.

Game seed: 6029056438153660183

54 Mithandil the Skirmisher (level 3, 8/29 HPs)
             Began as a Demonspawn Abyssal Knight on Aug 14, 2019.
             Was a Believer of Lugonu.
             Quit the game on level 2 of the Dungeon.
             The game lasted 00:10:42 (1413 turns).

Mithandil the Skirmisher (DsAK)                     Turns: 1413, Time: 00:10:43

Health: 8/29       AC: 10    Str: 13    XL:     3   Next: 66%
Magic:  2/5        EV:  3    Int: 11    God:    Lugonu [**....]
Gold:   95         SH:  0    Dex: 14    Spells: 2/2 levels left

rFire    . . .     SeeInvis .   a - +1 falchion
rCold    . . .     Gourm    .   (no shield)
rNeg     . . .     Faith    .   e - +0 plate armour
rPois    .         Spirit   +   (no helmet)
rElec    .         Reflect  .   t - scarf {cloud immunity}
rCorr    .         Harm     .   (no gloves)
MR       .....                  (no boots)
Stlth    ..........             (no amulet)
HPRegen  0.09/turn              (no ring)
MPRegen  0.09/turn              (no ring)

@: lethally poisoned (8 -> -2)
A: claws 1, agile 1, dopey 1, magic shield
a: Depart the Abyss, Bend Space, Renounce Religion


You were on level 2 of the Dungeon.
You worshipped Lugonu.
Lugonu was pleased with you.
You were not hungry.

You visited 1 branch of the dungeon, and saw 3 of its levels.
You visited the Abyss 1 time.

You collected 95 gold pieces.

Inventory:

Hand Weapons
 a - a +1 falchion (weapon)
 b - a +0 hunting sling
 f - a +0 hand axe
 o - a +0 spear
 r - a +0 mace
 A - a +0 dagger
Missiles
 i - 37 bolts
 m - 33 arrows
 n - 25 sling bullets
 s - 37 stones (quivered)
Armour
 e - a +0 plate armour (worn)
 h - a +0 leather armour
 t - a scarf of cloud immunity (worn)
Wands
 x - a wand of disintegration (8)
Scrolls
 d - a scroll of enchant weapon {unknown}
 g - 2 scrolls of teleportation {unknown}
 j - a scroll of fog {unknown}
 k - 3 scrolls of remove curse {unknown}
 l - 2 scrolls of enchant armour {unknown}
 p - a scroll of magic mapping {unknown}
 q - a scroll of fear {unknown}
 u - a scroll of identify {unknown}
 w - a scroll of blinking {unknown}
 y - 2 scrolls of random uselessness {unknown}
 z - 2 scrolls of amnesia {unknown}
Potions
 v - a potion of flight
Comestibles
 c - 4 rations


   Skills:
 + Level 3.1 Fighting
 * Level 2.5 Long Blades
 + Level 1.0 Throwing
 + Level 2.1 Armour
 + Level 1.4 Dodging
 + Level 2.9 Invocations


You had 2 spell levels left.
You didn't know any spells.
Your spell library was empty.

Dungeon Overview and Level Annotations

Branches:
Dungeon (3/15)

Altars:


Innate Abilities, Weirdness & Mutations

You have sharp fingernails.
When hurt, damage is shared between your health and your magic reserves.
You are agile. (Dex +2)
You are dopey. (Int -2)


Message History

Your plate armour prevents you from hitting the adder.
The adder is almost dead.
The adder bites you but does no damage. The adder bites you.
You are lethally poisoned!
The adder poisons you!
You hit the adder.
You kill the adder!
Lugonu accepts your kill.
You feel sick.
There is a lethal amount of poison in your body!
There is a lethal amount of poison in your body!
You feel sick.
* * * LOW HITPOINT WARNING * * *
You feel sick.
* * * LOW HITPOINT WARNING * * *
You feel sick.
You see here 7 gold pieces.
Are you sure you want to abandon this character and quit the game? (Confirm with "yes".)
Okay, then.
Are you sure you want to abandon this character and quit the game? (Confirm with "yes".)

.........# ####.#.
#.$.....# #......
#.......#######.##.#.
####..............##...
.......................
#.......##########...
#.......# #...
##.....## #... ##.@.##
#### #####


There were no monsters in sight!

Vanquished Creatures
  2 adders (D:2)
  A worm (D:2)
  A dart slug (D:2)
  A leopard gecko (D:3)
  4 giant cockroaches (D:1)
  2 hobgoblins
  2 quokkas (D:2)
  2 ball pythons
  6 bats
  5 frilled lizards
  A kobold (D:2)
  7 rats
34 creatures vanquished.

Notes
Turn   | Place    | Note
-------+----------+-------------------------------------------
     0 | Abyss:1  | Mithandil the Demonspawn Abyssal Knight began the quest for
                  | the Orb.
     0 | Abyss:1  | Reached XP level 1. HP: 18/18 MP: 2/2
    11 | D:1      | Escaped the Abyss
   207 | D:1      | Reached skill level 1 in Dodging
   378 | D:2      | Gained mutation: You have sharp fingernails. [demonic
                  | ancestry]
   378 | D:2      | Reached XP level 2. HP: 23/24 MP: 3/3
  1077 | D:2      | Reached ** piety under Lugonu
  1077 | D:2      | Gained mutation: When hurt, damage is shared between your
                  | health and your magic reserves. [demonic ancestry]
  1077 | D:2      | Reached XP level 3. HP: 23/29 MP: 5/5
  1117 | D:2      | Reached skill level 1 in Throwing
  1348 | D:2      | Gained mutation: You are dopey. (Int -2) [potion of
                  | mutation]
  1348 | D:2      | Gained mutation: You are agile. (Dex +2) [potion of
                  | mutation]
  1413 | D:2      | Quit the game

Levels and vault maps discovered:
D:1:      dpeg_arrival_radiant, layout_basic
D:2:      layout_rooms, first_ration
D:3:      layout_basic

Skill      XL: |  1  2  3 |
---------------+----------+-----
Dodging        | 1 |  1.4
Long Blades    | 2 |  2.5
Armour         | 2 |  2.1
Throwing       | 1 |  1.0
Fighting       | |  3.1
Invocations    | |  2.9

Action                   || total
-------------------------++-------
Melee: Falchion          ||   122
  Use: Potion            ||     4
  Eat: Chunk             ||     2
Armor: Plate armour      ||   126
       Leather armour    ||     1
Dodge: Dodged            ||    31
       Rpst.: Falchion   ||     6

Table legend:
 A = Non-vault XP
 B = Vault XP
 C = Vault XP percentage of total XP
 D = Non-vault monster count
 E = Vault monster count
 F = Vault count percentage of total count
                 A         B        C        D         E       F
            +---------+---------+-------+---------+---------+-------
      Total |      78 |       0 |   0.0 |      34 |       0 |   0.0
            +---------+---------+-------+---------+---------+-------
        D:1 |      24 |       0 |   0.0 |      17 |       0 |   0.0
        D:2 |      48 |       0 |   0.0 |      14 |       0 |   0.0
        D:3 |       6 |       0 |   0.0 |       3 |       0 |   0.0
            +---------+---------+-------+---------+---------+-------
